 Dungeon Crawl Stone Soup version 0.31.0-11-ge490571c62 (webtiles) character file.

Game seed: 5210016135935003904

51 Aldia the Chopper (level 3, -1/26 (31) HPs)
             Began as a Gnoll Reaver on Jan 26, 2024.
             Slain by Sigmund
             ... wielding a +0 scythe
              (10 damage)
             ... on level 2 of the Dungeon.
             The game lasted 00:01:47 (1555 turns).

Aldia the Chopper (Gnoll Reaver)                    Turns: 1555, Time: 00:01:48

HP:   -1/26 (31)    AC:  3    Str: 11    XL:     3   Next: 81%
MP:   8/9           EV: 12    Int: 14    God:
Gold: 77            SH:  0    Dex: 10    Spells: 6/12 levels left

rFire   . . .        a - +0 hand axe
rCold   . . .        (no shield)
rNeg    . . .        b - +0 leather armour
rPois   .            (no helmet)
rElec   .            (no cloak)
rCorr   .            (no gloves)
SInv    .            (no boots)
Will    +....        (no amulet)
Stlth   +            e - ring of willpower
HPRegen 0.24/turn    (no ring)
MPRegen 0.11/turn

%: no passive effects
@: mighty, heavily drained
A: fangs 1, strong nose, distributed training
a: no special abilities


You were on level 2 of the Dungeon.
You visited 1 branch of the dungeon, and saw 2 of its levels.

You collected 77 gold pieces.

Inventory:

Hand Weapons
 a - a +0 hand axe (weapon)
 c - a +0 great mace
 o - a +0 whip of electrocution
Armour
 b - a +0 leather armour (worn)
Jewellery
 e - a ring of willpower (left hand)
Wands
 h - a wand of quicksilver (9)
Scrolls
 f - a scroll of enchant weapon {unknown}
 g - a scroll of torment {unknown}
 i - a scroll of acquirement {unknown}
 l - a scroll of fear {unknown}
 m - a scroll of immolation {unknown}
 n - a scroll of enchant armour {unknown}
Potions
 d - a potion of attraction
 k - a potion of heal wounds {unknown}


   Skills:
 + Level 4.6 Fighting
 + Level 1.0 Short Blades
 + Level 1.0 Long Blades
 + Level 6.5 Axes
 + Level 1.0 Maces & Flails
 + Level 1.0 Polearms
 + Level 1.0 Staves
 + Level 1.0 Ranged Weapons
 + Level 1.0 Throwing
 + Level 1.0 Armour
 + Level 4.6 Dodging
 + Level 1.0 Stealth
 + Level 1.0 Shields
 + Level 1.0 Unarmed Combat
 + Level 5.0 Spellcasting
 + Level 5.4 Conjurations
 + Level 0.7 Hexes
 + Level 0.7 Summonings
 + Level 0.7 Necromancy
 + Level 0.7 Translocations
 + Level 0.7 Fire Magic
 + Level 0.7 Ice Magic
 + Level 0.7 Air Magic
 + Level 0.7 Earth Magic
 + Level 0.7 Alchemy
 + Level 1.1 Invocations
 + Level 1.0 Evocations
 + Level 0.9 Shapeshifting


You had 6 spell levels left.
You knew the following spells:

 Your Spells              Type           Power      Damage    Failure   Level
a - Kiss of Death         Conj/Necr      48%        2d9       6%          1
b - Momentum Strike       Conj/Tloc      24%        3d8       10%         2
c - Hailstorm             Conj/Ice       12%        3d6       19%         3

Your spell library contained the following spells:

 Spells                   Type           Power      Damage    Failure   Level


Dungeon Overview and Level Annotations

Branches:
Dungeon (2/15)

Altars:

Annotations:
D:2 Sigmund


Innate Abilities, Weirdness & Mutations

You have very sharp teeth.
Your uncanny sense of smell can sniff out nearby items.
Your experience applies equally to all skills.


Message History

You hit the rat but do no damage. The rat closely misses you.
You hit the rat.
You kill the rat!
No target in view!
No target in view!
Found a dagger.
Sigmund the Dreaded comes into view.
He is wielding a +0 scythe and carrying a wand of flame.
Sigmund is nearby!
Sigmund is nearby!
Sigmund shouts!
Sigmund closely misses you.
You barely miss Sigmund. Sigmund hits you with a +0 scythe!
You hit Sigmund.
Sigmund is lightly wounded.
Sigmund hits you with a +0 scythe!
* * * LOW HITPOINT WARNING * * *
You are too injured to fight recklessly!
You are too injured to fight recklessly!
Okay, then.
Sorry, you're not good enough to have a special ability.
You feel very mighty all of a sudden.
You hit Sigmund.
Sigmund is lightly wounded.
Sigmund barely misses you.
Sorry, you're not good enough to have a special ability.
Cast which spell? (? or * to list)
Aiming: Kiss of Death (safe; 6% risk of failure)
Press: ? - help, Shift-Dir - straight line, f - Sigmund
Aim: Sigmund, wielding a +0 scythe, wearing a +0 robe and carrying a wand of flame (lightly wounded, 100% to hit)
The negative energy hits Sigmund!
Sigmund is drained!
Sigmund is severely wounded.
You feel drained. Sigmund misses you.
Unknown command.
You closely miss Sigmund.
Sigmund is severely wounded.
You slash Sigmund!
Sigmund is almost dead.
Sigmund hits you with a +0 scythe!
You die...
Sigmund begins carving another notch in his scythe.

###.#.#
#>###..#.#######
....#.#
#......#..
#####.#
#.#.####.# #.#
#.#....#.# #.# #
#.##.#.# #.#
#.####.#.#
#........#
#.######.###
#...@@.....# ∆
########.#)#
..#.# ### . ##


You could see Sigmund (very drained).

Vanquished Creatures
  An adder (D:2)
  4 bats
  7 endoplasms (D:1)
  2 giant cockroaches (D:1)
  3 goblins (D:1)
  3 hobgoblins (D:1)
  5 kobolds
  A quokka (D:1)
  3 ball pythons (D:1)
  5 frilled lizards
  6 rats
40 creatures vanquished.

Notes
Turn   | Place    | Note
-------+----------+-------------------------------------------
     0 | D:1      | Aldia the Gnoll Reaver began the quest for the Orb.
     0 | D:1      | Reached XP level 1. HP: 20/20 MP: 6/6
     9 | D:1      | Noticed a komodo dragon
     9 | D:1      | Noticed a mana viper
     9 | D:1      | Noticed a swamp worm
   123 | D:1      | Reached XP level 2. HP: 19/26 MP: 7/7
   523 | D:1      | Reached skill level 5 in Spellcasting
   523 | D:1      | Reached XP level 3. HP: 31/31 MP: 7/9
   526 | D:1      | Learned a level 2 spell: Momentum Strike
   530 | D:1      | Learned a level 3 spell: Hailstorm
   994 | D:1      | Reached skill level 1 in Invocations
  1290 | D:2      | Reached skill level 1 in Short Blades
  1290 | D:2      | Reached skill level 1 in Long Blades
  1290 | D:2      | Reached skill level 1 in Maces & Flails
  1290 | D:2      | Reached skill level 1 in Polearms
  1290 | D:2      | Reached skill level 1 in Staves
  1290 | D:2      | Reached skill level 1 in Ranged Weapons
  1290 | D:2      | Reached skill level 1 in Throwing
  1290 | D:2      | Reached skill level 1 in Armour
  1290 | D:2      | Reached skill level 1 in Stealth
  1290 | D:2      | Reached skill level 1 in Shields
  1290 | D:2      | Reached skill level 1 in Unarmed Combat
  1290 | D:2      | Reached skill level 1 in Evocations
  1545 | D:2      | Noticed Sigmund
  1555 | D:2      | Slain by Sigmund

Illustrated notes

Levels and vault maps discovered:
D:1:      onia_arrival_zoo_common, layout_basic, minmay_pentomino_s2
D:2:      layout_basic, grunt_ministairs_10, uniq_sigmund

Skill      XL: |  1  2  3 |
---------------+----------+-----
Spellcasting   | 5 |  5.0
Invocations    | 1 |  1.1
Short Blades   | 1 |  1.0
Long Blades    | 1 |  1.0
Maces & Flails | 1 |  1.0
Polearms       | 1 |  1.0
Staves         | 1 |  1.0
Ranged Weapons | 1 |  1.0
Throwing       | 1 |  1.0
Armour         | 1 |  1.0
Stealth        | 1 |  1.0
Shields        | 1 |  1.0
Unarmed Combat | 1 |  1.0
Evocations     | 1 |  1.0
Fighting       | |  4.6
Axes           | |  6.5
Dodging        | |  4.6
Conjurations   | |  5.4
Hexes          | |  0.7
Summonings     | |  0.7
Necromancy     | |  0.7
Translocations | |  0.7
Fire Magic     | |  0.7
Ice Magic      | |  0.7
Air Magic      | |  0.7
Earth Magic    | |  0.7
Alchemy        | |  0.7
Shapeshifting  | |  0.9

Action                     || total
---------------------------++-------
  Melee: Hand axe          ||   140
         Bite              ||     8
         Punch             ||     1
   Cast: Kiss of Death     ||     1
    Use: Scroll            ||     2
         Potion            ||     1
 Armour: Leather armour    ||    83
  Dodge: Dodged            ||    77
